 Dungeon Crawl Stone Soup version 0.27.1-33-g824d729ab1 (webtiles) character file.

Game seed: 7155780567173330361

109 testman the Bolt Thrower (level 5, -4/38 HPs)
             Began as a Human Wanderer on Dec 25, 2021.
             Was a Believer of Sif Muna.
             Slain by a gnoll (6 damage)
             ... on level 3 of the Dungeon.
             The game lasted 00:16:49 (3739 turns).

testman the Bolt Thrower (Human Wanderer)           Turns: 3739, Time: 00:16:50

Health: -4/38      AC:  2    Str: 12    XL:     5   Next: 13%
Magic:  1/8        EV: 11    Int: 14    God:    Sif Muna [**....]
Gold:   96         SH:  0    Dex: 12    Spells: 6/8 levels left

rFire    . . .     SeeInvis .   a - +2 mace
rCold    . . .     Faith    .   (no shield)
rNeg     . . .     Spirit   .   e - +0 robe
rPois    .         Reflect  .   (no helmet)
rElec    .         Harm     .   (no cloak)
rCorr    +         Rampage  .   (no gloves)
Will     .....                  (no boots)
Stlth    +.........             (no amulet)
HPRegen  0.12/turn              o - ring of resist corrosion
MPRegen  0.11/turn              (no ring)

@: no status effects
A: no striking features
a: Renounce Religion, Channel Magic


You were on level 3 of the Dungeon.
You worshipped Sif Muna.
Sif Muna was pleased with you.
You visited 1 branch of the dungeon, and saw 4 of its levels.

You collected 96 gold pieces.

Inventory:

Hand Weapons
 a - a +2 mace (weapon)
 b - a +0 hand crossbow
Missiles
 c - 29 bolts
Armour
 e - a +0 robe (worn)
 k - a +0 leather armour
Jewellery
 o - a ring of resist corrosion (left hand)
Wands
 n - a wand of digging (5)
Scrolls
 h - 4 scrolls of identify {unknown}
 i - a scroll of immolation {unknown}
 j - a scroll of amnesia {unknown}
 m - a scroll of fog {unknown}
 p - a scroll of holy word {unknown}
Potions
 f - a potion of curing
 g - a potion of resistance {unknown}
 l - a potion of degeneration {unknown}
Miscellaneous
 d - a piece from Xom's chessboard (15/15) (quivered)


   Skills:
 - Level 2.3 Fighting
 - Level 0.2(1.2) Axes
 - Level 2.0(2.1) Maces & Flails
 - Level 0.4 Bows
 - Level 3.0 Crossbows
 - Level 1.0 Throwing
 - Level 2.0 Armour
 - Level 0.1 Shields
 - Level 2.0 Spellcasting
 + Level 1.1 Conjurations
 - Level 0.1 Transmutations
 + Level 1.1 Air Magic
 - Level 1.0 Evocations


You had 6 spell levels left.
You knew the following spells:

 Your Spells              Type           Power      Damage    Failure   Level
a - Static Discharge      Conj/Air       4%         N/A       22%         2

Your spell library contained the following spells:

 Spells                   Type           Power      Damage    Failure   Level
 Animate Skeleton         Necr           2%         N/A       24%         1
 Pain                     Necr           4%         1d4       24%         1
 Corpse Rot               Necr/Air       N/A        N/A       28%         2
 Vampiric Draining        Necr           0%         2d6       56%         3
 Dispel Undead            Necr           1%         3d6       93%         4
 Lightning Bolt           Conj/Air       2%         1d13      99%         5
 Death Channel            Necr           0%         N/A       100%        6
 Maxwell's Capacitive Co  Air            2%         ∞         100%        8


Dungeon Overview and Level Annotations

Branches:
Dungeon (4/15)
 Temple: D:4-7

Altars:
Cheibriados
Hepliaklqana
Okawaru
Sif Muna
Vehumet

Annotations:
D:4 Menkaure


Message History

The ball python grabs you. The ball python constricts you.
* * * LOW HITPOINT WARNING * * *
Training target 2.0 for Spellcasting reached!
Your Spellcasting skill increases to level 2!
Your Conjurations skill increases to level 1!
Press: ? - help, v - describe, . - travel, g - get item
Here: a ball python (constricting you)
Items here: a +0 club; a gnoll corpse.
The floor.
You barely miss the ball python.
The ball python bites you but does no damage.
The ball python constricts you.
You sock the ball python!
You kill the ball python!
Sif Muna accepts your kill.
Casting: Static Discharge (safe; 22% risk of failure)
Confirm with . or Enter, or press ? or * to list all spells.
The gnoll is struck by an arc of lightning.
The gnoll is heavily wounded.
The lightning grounds out.
The gnoll hits you with a +0 whip!
* * * LOW HITPOINT WARNING * * *
It was a potion of curing.
You feel better. The gnoll hits you with a +0 whip.
* * * LOW HITPOINT WARNING * * *
You closely miss the gnoll.
The gnoll is heavily wounded.
The gnoll closely misses you. The gnoll misses you.
Press: ? - help, v - describe, . - travel, g - get item
Here: a gnoll, wielding a +0 whip (heavily wounded)
Items here: a +0 club; a ball python corpse; a gnoll corpse.
The floor, spattered with blood.
You closely miss the gnoll.
The gnoll is heavily wounded.
The gnoll hits you with a +0 whip.
* * * LOW HITPOINT WARNING * * *
Casting: Static Discharge (safe; 22% risk of failure)
Confirm with . or Enter, or press ? or * to list all spells.
The gnoll is struck by an arc of lightning.
The gnoll is almost dead.
The lightning grounds out.
The gnoll hits you with a +0 whip.
You die...

###############
#######..............
#..g@........########
#.#####.####.# ### #.# #.#
#.# #.. #########.# #.# #.#
### #.#.....#.# #.# #.# ###
#.#.....#)#####.####.######..
#.#.....>.................'..
#.#.......#####.####.######..
#.........# #.##.#.# #..


You could see a gnoll.

Vanquished Creatures
  An iron imp (D:3)
  A gnoll (D:3)
  An adder (D:2)
  A worm (D:2)
  A dart slug (D:3)
  4 bats
  7 endoplasms
  2 giant cockroaches
  7 goblins
  7 hobgoblins
  2 jackals (D:1)
  6 kobolds
  7 ball pythons
  3 frilled lizards
  2 rats
52 creatures vanquished.

Notes
Turn   | Place    | Note
-------+----------+-------------------------------------------
     0 | D:1      | testman the Human Wanderer began the quest for the Orb.
     0 | D:1      | testman set off with the following items: a +2 mace, a +0
                  | hand crossbow, 21 bolts, a piece from Xom's chessboard
                  | (15/15), a +0 robe
     0 | D:1      | Reached XP level 1. HP: 16/16 MP: 1/1
    10 | D:1      | Noticed a four-headed hydra
    10 | D:1      | Noticed a wolf
    11 | D:1      | Noticed a komodo dragon
    11 | D:1      | Noticed a polar bear
   116 | D:1      | Reached XP level 2. HP: 22/22 MP: 2/2
   128 | D:1      | Found a faded altar of an unknown god.
   132 | D:1      | Became a worshipper of Sif Muna the Loreminder
   132 | D:1      | Reached * piety under Sif Muna
   676 | D:1      | Reached XP level 3. HP: 25/27 MP: 4/4
   784 | D:1      | Reached skill level 1 in Spellcasting
  1246 | D:2      | Reached skill level 3 in Crossbows
  1732 | D:2      | Learned a level 2 spell: Static Discharge
  1779 | D:2      | Reached XP level 4. HP: 31/33 MP: 6/6
  2259 | D:3      | Reached ** piety under Sif Muna
  2781 | D:3      | Found a radiant altar of Vehumet.
  2781 | D:3      | Found an iron altar of Okawaru.
  2782 | D:3      | Found a hazy altar of Hepliaklqana.
  3310 | D:3      | Found a snail-covered altar of Cheibriados.
  3344 | D:3      | Reached skill level 1 in Air Magic
  3344 | D:3      | Reached XP level 5. HP: 12/38 MP: 7/7
  3717 | D:4      | Noticed Menkaure
  3727 | D:3      | Reached skill level 1 in Conjurations
  3739 | D:3      | Slain by a gnoll

Illustrated notes

Levels and vault maps discovered:
D:1:      onia_arrival_zoo_common, layout_basic,
          shapermc_ecumenical_altar_mp_highgroup
D:2:      layout_basic
D:3:      layout_basic, slow_altar_2, gammafunk_temple_overflow_claw,
          minmay_misc_feat_roman
D:4:      layout_cave_pools, trog_three_pillars_becter,
          cheibrodos_sewer_entry_sluice, grunt_ministairs_9, uniq_blork_the_orc,
          uniq_menkaure

Skill      XL: |  1  2  3  4  5 |
---------------+----------------+-----
Spellcasting   | 1 2 |  2.0
Crossbows      | 3 |  3.0
Air Magic      | 1 |  1.1
Conjurations   | 1 |  1.1
Fighting       | |  2.3
Axes           | |  0.2
Maces & Flails | |  2.0
Bows           | |  0.4
Throwing       | |  1.0
Armour         | |  2.0
Shields        | |  0.1
Transmutations | |  0.1
Evocations     | |  1.0

Action                   |  1- 3 |  4- 6 || total
-------------------------+-------+-------++-------
Melee: Mace              |    36 |    45 ||    81
 Fire: Hand crossbow     |    37 |     6 ||    43
 Cast: Static Discharge  |       |     3 ||     3
Evoke: Piece from Xom's  |       |     1 ||     1
  Use: Potion            |       |     1 ||     1
 Stab: Sleeping          |     2 |       ||     2
Armor: Robe              |    10 |     3 ||    13
       Leather armour    |       |    10 ||    10
Dodge: Dodged            |    18 |    34 ||    52
